 Dungeon Crawl Stone Soup version 0.28-a0-199-g298df9dbad (webtiles) character file.

Game seed: 1662135314450082899

49 ZenoRockbell the Chopper (level 3, -1/33 HPs)
             Began as a Hill Orc Monk on Aug 19, 2021.
             Was an Elder of Lugonu.
             Slain by an orc (9 damage)
             ... on level 4 of the Dungeon.
             The game lasted 00:07:04 (1243 turns).

ZenoRockbell the Chopper (Hill Orc Monk)            Turns: 1243, Time: 00:07:05

Health: -1/33      AC:  2    Str: 14    XL:     3   Next: 75%
Magic:  3/3        EV: 12    Int: 10    God:    Lugonu [****..]
Gold:   28         SH:  0    Dex: 13    Spells: 2/2 levels left

rFire   . . .      SeeInvis .   a - +0 hand axe (vorpal)
rCold   . . .      Faith    .   (no shield)
rNeg    . . .      Spirit   .   b - +0 robe
rPois   .          Reflect  .   (no helmet)
rElec   .          Harm     .   (no cloak)
rCorr   .          Rampage  .   (no gloves)
Will    .....                   (no boots)
Stlth   ++........              (no amulet)
HPRegen 0.11/turn               (no ring)
MPRegen 0.08/turn               (no ring)

@: no status effects
A: no striking features
a: Renounce Religion, Depart the Abyss, Bend Space, Banish, Corrupt


You were on level 4 of the Dungeon.
You worshipped Lugonu.
Lugonu was greatly pleased with you.
You visited 1 branch of the dungeon, and saw 3 of its levels.

You collected 28 gold pieces.

Inventory:

Hand Weapons
 a - a +0 vorpal hand axe (weapon)
 g - a +2 short sword of draining
Armour
 b - a +0 robe (worn)
Scrolls
 c - a scroll of teleportation
Potions
 d - a potion of lignification
 e - a potion of berserk rage {unknown}
 f - 2 potions of flight {unknown}
 h - a potion of attraction {unknown}
 k - a potion of curing
 l - a potion of ambrosia {unknown}


   Skills:
 * Level 4.2 Fighting
 - Level 0.4 Short Blades
 * Level 4.4 Axes
 * Level 0.5 Armour
 * Level 2.8 Dodging
 * Level 1.9 Stealth


You had 2 spell levels left.
You didn't know any spells.
Your spell library was empty.

Dungeon Overview and Level Annotations

Branches:
Dungeon (2/15)

Altars:
Lugonu

Shops:
D:1 *

Annotations:
D:4 Sigmund


Message History

You see here 17 sling bullets.
Found a chain mail.
Found an escape hatch in the ceiling.
You fall into a shaft and drop 2 floors!
The shaft crumbles and collapses.
Found 10 arrows.
Found a robe.
Found a stone staircase leading up.
An orc comes into view. It is wielding a +0 flail.
The orc shouts!
You hear a shout!
A white imp comes into view.
The orc moves out of view.
An orc comes into view. It is wielding a +0 hand axe.
The white imp shouts, "Get thee hence, thou bawdy ditch-delivered prigger-of-prances!"
You hear a bark! x2
The orc hits you with a +0 flail!
Found a stone staircase leading up.
The white imp gestures at you. The puff of frost hits you!
A jackal comes into view.
A jackal and Sigmund come into view.
Sigmund shouts!
You hear a shout!
An orc comes into view. It is wielding a +0 falchion.
The white imp hits you. The white imp freezes you.
* * * LOW HITPOINT WARNING * * *
An orc comes into view. It is wielding a +0 dagger.
Found a stone staircase leading down.
You feel better. The orc hits you with a +0 hand axe.
The orc barely misses you.
The white imp hits you but does no damage.
A jackal comes into view.
The orc barely misses you. The orc hits you with a +0 flail.
* * * LOW HITPOINT WARNING * * *
Sigmund casts a spell.
Sigmund flickers and vanishes!
Deactivating autopickup; reactivate with Ctrl-A.
The white imp hits you but does no damage.
A jackal comes into view.
An orc comes into view. It is wielding a +0 dagger.
The orc hits you with a +0 flail!
You die...

..# .. ... ... #.. ..
.# #..#.. .#..#.
##..#.o .#...##
....... ....#.##
....<..####...#......
.#..#hh@##..#...##..#.
.......oo(.###.......
......5............#
...................#
..{...............#
..h....#..........#
h.................#
..o..............#...#
#.<..............### #


You could see a white imp, 4 orcs and 4 jackals.

Vanquished Creatures
  An adder (D:2)
  2 dart slugs (D:1)
  3 endoplasms
  A giant cockroach (D:1)
  3 goblins (D:1)
  5 hobgoblins
  2 jackals (D:1)
  5 ball pythons
  2 bats
  A frilled lizard (D:1)
  5 kobolds (D:1)
  4 rats
  A spectral kobold (D:1)
35 creatures vanquished.

Notes
Turn   | Place    | Note
-------+----------+-------------------------------------------
     0 | D:1      | ZenoRockbell the Hill Orc Monk began the quest for the Orb.
     0 | D:1      | Reached XP level 1. HP: 19/19 MP: 1/1
   157 | D:1      | HP: 1/20 [jackal (2)]
   165 | D:1      | Reached XP level 2. HP: 4/27 MP: 2/2
   536 | D:1      | Found a faded altar of an unknown god.
   570 | D:1      | Became a worshipper of Lugonu the Unformed
   570 | D:1      | Reached * piety under Lugonu
   570 | D:1      | Reached ** piety under Lugonu
   570 | D:1      | Reached *** piety under Lugonu
   626 | D:1      | Found Xoiclor's Assorted Antiques.
   860 | D:1      | Reached XP level 3. HP: 23/33 MP: 3/3
  1102 | D:2      | Reached **** piety under Lugonu
  1225 | D:2      | You fall into a shaft and drop 2 floors!
  1240 | D:4      | Noticed Sigmund
  1243 | D:4      | Slain by an orc

Illustrated notes

Levels and vault maps discovered:
D:1:      ncdulo_watergridlock, layout_loops_ring,
          dreamdust_ecumenical_altar_drowned_temple, serial_shops, shop,
          amethyst_killhole
D:2:      layout_loops_ring, dk_noncrumbling_4, minmay_misc_feat_pillars
D:4:      layout_layer_cave, lemuel_temple_firewalk_b, uniq_sigmund,
          uniq_menkaure, uniq_ijyb, uniq_duvessa

Skill      XL: |  1  2 |
---------------+-------+-----
Fighting       | 4 |  4.2
Short Blades   | |  0.4
Axes           | |  4.4
Armour         | |  0.5
Dodging        | |  2.8
Stealth        | |  1.9

Action                   || total
-------------------------++-------
Melee: Hand axe          ||    49
       Short sword       ||    32
  Use: Scroll            ||     4
       Potion            ||     2
 Stab: Sleeping          ||     3
Armor: Skin              ||     5
       Robe              ||    22
Dodge: Dodged            ||    61

Table legend: (Time is in decaauts)
 A = Elapsed time spent in this place.
 B = Non-inter-level travel time spent in this place.
 C = Inter-level travel time spent in this place.
 D = Time resting spent in this place.
 E = Time spent auto-exploring this place.
 F = Levels seen in this place.
 G = Mean time per level.
                   A        B        C        D        E       F      G
               +--------+--------+--------+--------+--------+-----+--------+
         Total |   1257 |   1257 |      0 |      0 |      0 |   3 |  419.0 |
       Dungeon |   1257 |   1257 |      0 |      0 |      0 |   3 |  419.0 |
               +--------+--------+--------+--------+--------+-----+--------+

Top non-repeatable levels by time:
     D:1: 990 daAuts
     D:2: 249 daAuts
     D:4: 17 daAuts
